 Dungeon Crawl Stone Soup version 0.29.0-5-ge4962eb29e (webtiles) character file.

Game seed: 6780882262435560410

36 Godmorgon the Trooper (level 3, -6/31 HPs)
             Began as a Palentonga Fighter on Aug 29, 2022.
             Mangled by Edmund
             ... wielding a +1 flail of protection
              (8 damage)
             ... on level 4 of the Dungeon.
             The game lasted 00:04:20 (1035 turns).

Godmorgon the Trooper (Palentonga Fighter)          Turns: 1035, Time: 00:04:21

Health: -6/31      AC:  6    Str: 23    XL:     3   Next: 19%
Magic:  3/3        EV:  7    Int:  8    God:
Gold:   32         SH:  4    Dex:  9    Spells: 2/2 levels left

rFire   . . .      SeeInvis +   a - +0 war axe
rCold   . . .      Faith    .   c - +0 buckler
rNeg    . . .      Spirit   .   b - +0 scale mail
rPois   .          Reflect  .   (no helmet)
rElec   .          Harm     .   (no cloak)
rCorr   .          Rampage  .   (no gloves)
Will    .....                   (no barding)
Stlth   ..........              (no amulet)
HPRegen 0.10/turn               (no ring)
MPRegen 0.08/turn               (no ring)

@: mighty
A: large, rugged brown scales 3, see invisible, deformed body, roll 1, armoured
tail
a: Rolling Charge


You were on level 4 of the Dungeon.
You visited 1 branch of the dungeon, and saw 3 of its levels.

You collected 32 gold pieces.

Inventory:

Hand Weapons
 a - a +0 war axe (weapon)
Missiles
 g - 2 poisoned darts
Armour
 b - a +0 scale mail (worn)
 c - a +0 buckler (worn)
Scrolls
 e - a scroll of teleportation
 f - a scroll of enchant armour
 i - a scroll of torment {unknown}
 k - a scroll of noise {unknown}
Potions
 j - a potion of curing {unknown}


   Skills:
 + Level 3.4 Fighting
 * Level 3.2 Axes
 - Level 2.4 Armour
 - Level 2.6 Shields


You had 2 spell levels left.
You didn't know any spells.
Your spell library was empty.

Dungeon Overview and Level Annotations

Branches:
Dungeon (2/15)

Altars:

Shops:
D:1 *

Annotations:
D:4 Edmund


Innate Abilities, Weirdness & Mutations

You are completely covered in rugged brown scales. (AC +3, +7% HP)
You have supernaturally acute eyesight. (SInv)
Armour fits poorly on your strangely shaped body.
You can roll at nearby foes to attack.
You have a long armoured tail.


Message History

You block the ball python's attack.
You closely miss the ball python.
The ball python bites you but does no damage.
The ball python closely misses you.
You barely miss the ball python.
The ball python bites you but does no damage. x2
You slash the ball python!
You kill the ball python!
Edmund the Younger comes into view.
He is wielding a +1 flail of protection.
Edmund shouts!
You see here a ball python corpse.
You feel very mighty all of a sudden.
Edmund says, "I'm quite good with sums, too."
Roll where?
Press: ? - help, Q - select action, (/) - cycle Dir - move target, f - Edmund
Aim: Edmund, wielding a +1 flail of protection and wearing a +0 scale mail You roll forward with a clatter of scales!
You slash Edmund!
Edmund is moderately wounded.
Edmund says, "I might not be good at magic, but I can still kill you!"
Edmund hits you with a +1 flail of protection!
You barely miss Edmund.
Edmund is moderately wounded.
Edmund hits you with a +1 flail of protection.
* * * LOW HITPOINT WARNING * * *
You hit Edmund but do no damage.
Edmund is moderately wounded.
You block Edmund's attack. x2
You barely miss Edmund.
Edmund is moderately wounded.
Edmund hits you but does no damage.
You hit Edmund but do no damage.
Edmund is moderately wounded.
Edmund hits you with a +1 flail of protection!
* * * LOW HITPOINT WARNING * * *
You hit Edmund but do no damage.
Your tail-slap misses Edmund.
Edmund is moderately wounded.
Edmund barely misses you.
Edmund hits you with a +1 flail of protection!
You die...

#.............>.
##..............#
##........#.......
####.................
##....................
##..........!..........
#......................
#....<...........>....
#....@@..†............
##....................
##.............#....>
####......$.........
#.....?......
#............
#............
##..........


You could see Edmund.

Vanquished Creatures
  2 adders (D:4)
  A ball python (D:4)
  2 bats (D:2)
  2 endoplasms
  A giant cockroach (D:1)
  3 goblins (D:1)
  3 quokkas
  A frilled lizard (D:1)
  A kobold (D:1)
  A rat (D:1)
17 creatures vanquished.

Vanquished Creatures (others)
  A plant (D:2)
1 creature vanquished.

Grand Total: 18 creatures vanquished

Notes
Turn   | Place    | Note
-------+----------+-------------------------------------------
     0 | D:1      | Godmorgon the Palentonga Fighter began the quest for the
                  | Orb.
     0 | D:1      | Reached XP level 1. HP: 19/19 MP: 1/1
    58 | D:1      | Found Vinnef's General Store.
   604 | D:1      | Reached XP level 2. HP: 25/25 MP: 2/2
   813 | D:2      | You fall into a shaft and drop 2 floors!
   838 | D:4      | Reached XP level 3. HP: 11/31 MP: 3/3
  1027 | D:4      | Noticed Edmund
  1035 | D:4      | Mangled by Edmund

Illustrated notes

Levels and vault maps discovered:
D:1:      psy_arrival_basics, layout_basic, serial_shops, shop, minivault_19,
          st_stairs_13, serial_bayou_lake_a
D:2:      layout_basic, serial_shops, nicolae_shop_overgrown_old_shop,
          minmay_misc_feat_hallway, minivault_14
D:4:      layout_rooms, cheibrodos_sewer_entry_bend, minmay_manual_maat,
          uniq_edmund

Skill      XL: |  1  2 |
---------------+-------+-----
Axes           | 3 |  3.2
Fighting       | |  3.4
Armour         | |  2.4
Shields        | |  2.6

Action                   || total
-------------------------++-------
Melee: War axe           ||    58
       Tailslap          ||     5
 Abil: Rolling Charge    ||    14
  Use: Scroll            ||     2
       Potion            ||     1
Armor: Scale mail        ||    32
Dodge: Dodged            ||    27
Block: Buckler           ||     8
